 Dungeon Crawl Stone Soup version 0.23-a0-577-g2b1de94 (webtiles) character file.

40 Lanoc the Skirmisher (level 3, -1/29 HPs)
             Began as a Demonspawn Monk on Dec 14, 2018.
             Killed by nerve-wracking pain
             ... invoked by an orc priest
              (4 damage)
             ... on level 3 of the Dungeon.
             The game lasted 00:02:39 (685 turns).

Lanoc the Skirmisher (Demonspawn Monk)               Turns: 685, Time: 00:02:39

Health: -1/29      AC:  3    Str: 12    XL:     3   Next: 30%
Magic:  3/3        EV: 13    Int: 11    God:
Gold:   54         SH:  0    Dex: 15    Spells: 2/2 levels left

rFire    . . .     SeeInvis +   a - +0 short sword
rCold    . . .     Gourm    .   (no shield)
rNeg     . . .     Faith    .   b - +0 robe
rPois    .         Spirit   .   (no helmet)
rElec    .         Reflect  .   (no cloak)
rCorr    +         Harm     .   f - +0 pair of gloves
MR       .....                  (no boots)
Stlth    ++........             (no amulet)
HPRegen  0.09/turn              n - ring of see invisible
MPRegen  0.08/turn              p - ring of resist corrosion

@: very slightly contaminated, invisible
A: talons 1, powered by death 1
a: no special abilities


You were on level 3 of the Dungeon.
You were not hungry.

You visited 1 branch of the dungeon, and saw 3 of its levels.

You collected 54 gold pieces.

Inventory:

Hand Weapons
 a - a +0 short sword (weapon)
Missiles
 h - 73 arrows
 i - 24 sling bullets
Armour
 b - a +0 robe (worn)
 f - a +0 pair of gloves (worn)
Jewellery
 n - a ring of see invisible (left hand)
 p - a ring of resist corrosion (right hand)
Scrolls
 j - a scroll of noise {unknown}
 k - 2 scrolls of enchant armour {unknown}
 l - a scroll of enchant weapon {unknown}
 m - 2 scrolls of remove curse
 o - a scroll of magic mapping
Comestibles
 c - 3 rations
 d - 7 chunks of flesh


   Skills:
 + Level 3.5 Fighting
 - Level 2.6 Short Blades
 + Level 1.4 Armour
 + Level 3.1 Dodging
 - Level 1.7 Stealth


You had 2 spell levels left.
You didn't know any spells.
Your spell library was empty.

Dungeon Overview and Level Annotations

Branches:
Dungeon (3/15)

Altars:

Portals:
Sewer: D:3


Innate Abilities, Weirdness & Mutations

You have sharp toenails.
You regenerate a little health from kills.


Message History

The orc priest is moderately wounded.
The orc priest mumbles some strange prayers to Beogh against you.
Pain shoots through your body!
You hit the orc priest but do no damage.
Your kick misses the orc priest.
The orc priest is moderately wounded.
The orc priest invokes the aid of Beogh against you.
Beogh smites you!
Ouch! That really hurt!
* * * LOW HITPOINT WARNING * * *
You hear a shout!
You fade into invisibility!
You hear a shout!
The orc priest completely misses you.
You are very lightly contaminated with residual magic.
You hit the orc priest.
The orc priest is heavily wounded.
The orc priest invokes the aid of Beogh against you.
Pain shoots through your body!
You die...

#.#*,#**,********,*,*,****,***
#.#*!# *,,,,,,,,,***,,,* *,*
#÷##.# **********,#.*..#**,*
#....# ####### **.##..,#*,*
####..### #.....#
*.#..,..,,***
........####.###.#
*...*..≈*,,,,
####...........#.#
*..,≈≈≈≈≈,,,* ##.#.####.#.#.#
*.#≈oo≈≈≈≈*,* #.#.#
#....@####..≈o≈r≈≈≈,,, #.#.#
###...oroo.r≈≈≈∩≈≈≈,,, #.#.#
#)######..≈≈≈≈≈≈≈,,* #.#)# #)#
*.#≈≈≈≈≈≈≈*,* #.#.#****#.#*
*..,≈≈≈≈≈,,,*
*,#..,,,,...*****#..*≈.≈*,,,,
*,******##...,,,,*...,..,,*,,
*,**,,,,,....$,,,*.##.,.*****
*,**,,,,,......,,,.#*..,*


You could see an orc priest, 2 orcs and 2 rats.

Vanquished Creatures
  3 worms
  A dart slug (D:2)
  A leopard gecko (D:2)
  A giant cockroach (D:2)
  6 hobgoblins
  4 jackals (D:3)
  2 bats (D:2)
  2 frilled lizards
  4 goblins
  2 kobolds (D:2)
  2 rats
28 creatures vanquished.

Notes
Turn   | Place    | Note
-------+----------+-------------------------------------------
     0 | D:1      | Lanoc the Demonspawn Monk began the quest for the Orb.
     0 | D:1      | Reached XP level 1. HP: 18/18 MP: 1/1
   128 | D:1      | You fall through a shaft!
   177 | D:2      | Gained mutation: You have sharp toenails. [demonic
                  | ancestry]
   177 | D:2      | Reached XP level 2. HP: 19/24 MP: 2/2
   209 | D:2      | Reached skill level 1 in Armour
   590 | D:2      | Gained mutation: You regenerate a little health from kills.
                  | [demonic ancestry]
   590 | D:2      | Reached XP level 3. HP: 29/29 MP: 3/3
   671 | D:3      | Found a glowing drain.
   685 | D:3      | Killed from afar by an orc priest

Vault maps used:
D:1:      nicolae_arrival_somewhat_less_tricky_arrival, nrook_mini_vaults,
          chequers_serial_rivers_small_3
D:2:      first_ration
D:3:      cheibrodos_sewer_entry_drain, uniq_ijyb

Skill      XL: |  1  2 |
---------------+-------+-----
Armour         | 1 |  1.4
Dodging        | 3 |  3.1
Fighting       | |  3.5
Short Blades   | |  2.6
Stealth        | |  1.7

Action                   || total
-------------------------++-------
Melee: Short sword       ||    97
       Kick              ||    24
  Use: Scroll            ||     3
       Potion            ||     1
 Stab: Distracted        ||     1
Armor: Robe              ||    14
Dodge: Dodged            ||    51

Table legend:
 A = Non-vault XP
 B = Vault XP
 C = Vault XP percentage of total XP
 D = Non-vault monster count
 E = Vault monster count
 F = Vault count percentage of total count
                 A         B        C        D         E       F
            +---------+---------+-------+---------+---------+-------
      Total |      58 |       0 |   0.0 |      28 |       0 |   0.0
            +---------+---------+-------+---------+---------+-------
        D:1 |       5 |       0 |   0.0 |       4 |       0 |   0.0
        D:2 |      36 |       0 |   0.0 |      17 |       0 |   0.0
        D:3 |      17 |       0 |   0.0 |       7 |       0 |   0.0
            +---------+---------+-------+---------+---------+-------
